3A
MONROEVILLE YINZERS @ ATHLETIC CLUB KC U-24
08/20/2041
 
TOP OF THE 1ST
Monroeville Yinzers batting - Pitching for Athletic Club KC U-24 : LHP Willie Woodward
Pitching: LHP Willie Woodward
Batting: RHB Ryan McCarty 0-0: Called Strike
0-1: Foul Ball, location: 2F
0-2: Ball
1-2: Foul Ball, location: 2F
1-2: Strikes out swinging
Batting: RHB Shuan-yan Bu 0-0: Ball
1-0: Fly out, F4 (Line Drive, 4, EV 67.5 MPH)
Batting: RHB Ryan Blonke 0-0: Ball
1-0: Called Strike
1-1: Ball
2-1: Ball
3-1: Foul Ball, location: 2F
3-2: Strikes out looking
Top of the 1st over - 0 runs, 0 hits, 0 errors, 0 left on base; Monroeville 0 - Athletic Club KC 0
BOTTOM OF THE 1ST
Athletic Club KC U-24 batting - Pitching for Monroeville Yinzers : RHP Artie O'Neal
Pitching: RHP Artie O'Neal
Batting: RHB James Allingham 0-0: Called Strike
0-1: SINGLE (Line Drive, 89S, EV 101.9 MPH)
Batting: LHB Greg Flynn 0-0: Called Strike
0-1: Foul Ball, location: 2F
0-2: Strikes out swinging
Batting: RHB Neal Lewis 0-0: Ball
1-0: Foul Ball, location: 2F
1-1: Grounds into double play, 4-6-3 (Groundball, 34, EV 82.5 MPH)
Bottom of the 1st over - 0 runs, 1 hit, 0 errors, 0 left on base; Monroeville 0 - Athletic Club KC 0
TOP OF THE 2ND
Monroeville Yinzers batting - Pitching for Athletic Club KC U-24 : LHP Willie Woodward
Batting: RHB Adam Cunningham 0-0: Swinging Strike
0-1: Ball
1-1: Called Strike
1-2: Fly out, F9 (Flyball, 9LM, EV 95.0 MPH)
Batting: RHB Félix Pacheco 0-0: Ball
1-0: Called Strike
1-1: Foul Ball, location: 2F
1-2: Ball
2-2: Strikes out looking
Batting: SHB Chong-hun Cho 0-0: Foul Ball, location: 2F
0-1: Foul Ball, location: 2F
0-2: Ball
1-2: DOUBLE (Line Drive, 7LM, EV 98.1 MPH)
Batting: RHB Brian Martin 0-0: Called Strike
0-1: Foul Ball, location: 2F
0-2: Strikes out looking
Top of the 2nd over - 0 runs, 1 hit, 0 errors, 1 left on base; Monroeville 0 - Athletic Club KC 0
BOTTOM OF THE 2ND
Athletic Club KC U-24 batting - Pitching for Monroeville Yinzers : RHP Artie O'Neal
Batting: SHB Francisco Rojas 0-0: Called Strike
0-1: Ball
1-1: Ball
2-1: Ball
3-1: Swinging Strike
3-2: Strikes out swinging
Batting: SHB Osvaldo Ardiles 0-0: Foul Ball, location: 2F
0-1: Ground out 4-3 (Groundball, 4, EV 80.0 MPH)
Batting: RHB Leon Burns 0-0: Ball
1-0: Called Strike
1-1: Ground out 6-3 (Groundball, 56D, EV 88.1 MPH)
Bottom of the 2nd over - 0 runs, 0 hits, 0 errors, 0 left on base; Monroeville 0 - Athletic Club KC 0
TOP OF THE 3RD
Monroeville Yinzers batting - Pitching for Athletic Club KC U-24 : LHP Willie Woodward
Batting: RHB David Ferris 0-0: Ball
1-0: Ball
2-0: Ball
3-0: Base on Balls
Batting: RHB Stu Roberts 0-0: Called Strike
0-1: Ball
1-1: Foul Ball, location: 2F
1-2: Fielders Choice at 2nd, 5-4 (Groundball, 56, EV 82.5 MPH)
Batting: RHB Ryan McCarty 0-0: SINGLE (Groundball, 56D, EV 98.1 MPH)
Stu Roberts to second
Batting: RHB Shuan-yan Bu 0-0: DOUBLE (Flyball, 8LXD, EV 88.8 MPH)
Stu Roberts scores
Ryan McCarty to third
Batting: RHB Ryan Blonke 0-0: Ball
1-0: Ball
2-0: Foul Ball, location: 2F
2-1: Reached on error, E6 (Groundball, 56, EV 84.4 MPH)
Ryan McCarty scores
Shuan-yan Bu to third
Batting: RHB Adam Cunningham 0-0: Called Strike
0-1: Called Strike
0-2: Ball
1-2: Fly out, F8 (Flyball, 8LD, EV 84.4 MPH)
Runner from 3rd tags up, SCORES, throw by CF
Batting: RHB Félix Pacheco 0-0: Called Strike
0-1: Swinging Strike
0-2: Strikes out swinging
Top of the 3rd over - 3 runs, 2 hits, 1 error, 1 left on base; Monroeville 3 - Athletic Club KC 0
BOTTOM OF THE 3RD
Athletic Club KC U-24 batting - Pitching for Monroeville Yinzers : RHP Artie O'Neal
Batting: SHB Ross Evans 0-0: TRIPLE (Groundball, 3L, EV 95.0 MPH)
Batting: RHB Morton Scott 0-0: Ball
1-0: Ball
2-0: Ball
3-0: Base on Balls
Batting: RHB Doug Bishop 0-0: Foul Ball, location: 2F
0-1: Ball
1-1: Fly out, F7 (Flyball, 78S, EV 86.9 MPH)
Batting: RHB James Allingham 0-0: Called Strike
Morton Scott steals 2nd base
0-1: Ball
1-1: Swinging Strike
1-2: Foul Ball, location: 2F
1-2: Foul Ball, location: 2F
1-2: Foul Ball, location: 2F
1-2: Ground out 2-3 (Groundball, 2L, EV 67.5 MPH)
Batting: LHB Greg Flynn 0-0: Ball
1-0: Ball
2-0: Called Strike
2-1: Fly out, F9 (Flyball, 9, EV 98.1 MPH)
Bottom of the 3rd over - 0 runs, 1 hit, 0 errors, 2 left on base; Monroeville 3 - Athletic Club KC 0
TOP OF THE 4TH
Monroeville Yinzers batting - Pitching for Athletic Club KC U-24 : LHP Willie Woodward
Batting: SHB Chong-hun Cho 0-0: Ball
1-0: Called Strike
1-1: Foul Ball, location: 2F
1-2: Ball
2-2: Strikes out looking
Batting: RHB Brian Martin 0-0: Ball
1-0: Ball
2-0: Ball
3-0: Called Strike
3-1: Base on Balls
Batting: RHB David Ferris 0-0: Ball
1-0: Foul Ball, location: 2F
1-1: Ball
2-1: Swinging Strike
2-2: Hit by Pitch
Brian Martin to second
Pinch Runner at 1st Rashid Jeltkov:
Batting: RHB Stu Roberts 0-0: Ball
1-0: DOUBLE (Line Drive, 9LS, EV 113.1 MPH)
Brian Martin scores
Rashid Jeltkov to third
Batting: RHB Ryan McCarty 0-0: Called Strike
0-1: Swinging Strike
0-2: Ball
1-2: SINGLE (Groundball, 56, EV 105.0 MPH) (infield hit)
Rashid Jeltkov scores
Stu Roberts to third
Batting: RHB Shuan-yan Bu 0-0: Fly out, F7 (Flyball, 7, EV 77.5 MPH)
Runner from 3rd tags up, SCORES, throw by LF
Batting: RHB Ryan Blonke 0-0: Foul Ball, location: 2F
0-1: Ball
1-1: Ball
2-1: 2-RUN HOME RUN (Flyball, 7LD, EV 103.8 MPH), Distance : 356 ft
Pitching: RHP Rodney Johnson
Batting: RHB Adam Cunningham 0-0: Swinging Strike
0-1: Called Strike
0-2: Ball
1-2: Foul Ball, location: 2F
1-2: Foul Ball, location: 2F
1-2: Strikes out looking
Top of the 4th over - 5 runs, 3 hits, 0 errors, 0 left on base; Monroeville 8 - Athletic Club KC 0
BOTTOM OF THE 4TH
Athletic Club KC U-24 batting - Pitching for Monroeville Yinzers : RHP Artie O'Neal
Now at SS: José Calderón
Batting: RHB Neal Lewis 0-0: Called Strike
0-1: SINGLE (Flyball, 8RS, EV 96.9 MPH)
Batting: SHB Francisco Rojas 0-0: Fielders Choice at 2nd, 4-6 (Groundball, 4, EV 93.1 MPH)
Batting: SHB Osvaldo Ardiles 0-0: Swinging Strike
0-1: Ground out 4-3 (Groundball, 34, EV 89.4 MPH)
Francisco Rojas to second
Batting: RHB Leon Burns 0-0: Ball
1-0: Foul Ball, location: 2F
1-1: Ball
2-1: Foul Ball, location: 2F
2-2: Ball
3-2: DOUBLE (Line Drive, 7LM, EV 110.6 MPH)
Francisco Rojas scores
Batting: SHB Ross Evans 0-0: Called Strike
0-1: Ball
1-1: Ball
2-1: Foul Ball, location: 2F
2-2: Ball
3-2: 2-RUN HOME RUN (Flyball, 7LD, EV 102.5 MPH), Distance : 339 ft
Batting: RHB Morton Scott 0-0: Called Strike
0-1: Foul Ball, location: 2F
0-2: Strikes out looking
Bottom of the 4th over - 3 runs, 3 hits, 0 errors, 0 left on base; Monroeville 8 - Athletic Club KC 3
TOP OF THE 5TH
Monroeville Yinzers batting - Pitching for Athletic Club KC U-24 : RHP Rodney Johnson
Batting: RHB Félix Pacheco 0-0: Foul Ball, location: 2F
0-1: Ball
1-1: Swinging Strike
1-2: Ball
2-2: Strikes out looking
Batting: SHB Chong-hun Cho 0-0: Ball
1-0: Swinging Strike
1-1: Fly out, F6 (Popup, 6S, EV 70.6 MPH)
Batting: RHB Brian Martin 0-0: Ball
1-0: Ball
2-0: Fly out, F9 (Flyball, 89M, EV 88.8 MPH)
Top of the 5th over - 0 runs, 0 hits, 0 errors, 0 left on base; Monroeville 8 - Athletic Club KC 3
BOTTOM OF THE 5TH
Athletic Club KC U-24 batting - Pitching for Monroeville Yinzers : RHP Artie O'Neal
Batting: RHB Doug Bishop 0-0: Foul Ball, location: 2F
0-1: Ball
1-1: Ground out 5-3 (Groundball, 56S, EV 88.1 MPH)
Batting: RHB James Allingham 0-0: Ball
1-0: Ground out 4-3 (Groundball, 4, EV 83.8 MPH)
Batting: LHB Greg Flynn 0-0: Called Strike
0-1: Ball
1-1: Foul Ball, location: 2F
1-2: Strikes out swinging
Bottom of the 5th over - 0 runs, 0 hits, 0 errors, 0 left on base; Monroeville 8 - Athletic Club KC 3
TOP OF THE 6TH
Monroeville Yinzers batting - Pitching for Athletic Club KC U-24 : RHP Rodney Johnson
Batting: RHB José Calderón 0-0: Foul Ball, location: 2F
0-1: Ball
1-1: Called Strike
1-2: Ball
2-2: Ground out 5-3 (Groundball, 56S, EV 81.9 MPH)
Batting: RHB Stu Roberts 0-0: Ball
1-0: Swinging Strike
1-1: Fly out, F9 (Flyball, 89D, EV 80.0 MPH)
Batting: RHB Ryan McCarty 0-0: Called Strike
0-1: Ball
1-1: Foul Ball, location: 2F
1-2: Ball
2-2: SINGLE (Line Drive, 89M, EV 98.8 MPH)
Batting: RHB Shuan-yan Bu 0-0: Ball
1-0: Ball
2-0: Ground out 6-3 (Groundball, 6S, EV 85.6 MPH)
Top of the 6th over - 0 runs, 1 hit, 0 errors, 1 left on base; Monroeville 8 - Athletic Club KC 3
BOTTOM OF THE 6TH
Athletic Club KC U-24 batting - Pitching for Monroeville Yinzers : RHP Artie O'Neal
Batting: RHB Neal Lewis 0-0: Swinging Strike
0-1: Ball
1-1: Called Strike
1-2: Foul Ball, location: 2F
1-2: Fly out, F7 (Flyball, 7S, EV 84.4 MPH)
Batting: SHB Francisco Rojas 0-0: Called Strike
0-1: Foul Ball, location: 2F
0-2: Ball
1-2: Ball
2-2: Ball
3-2: Strikes out swinging
Batting: SHB Osvaldo Ardiles 0-0: Foul Ball, location: 2F
0-1: Swinging Strike
0-2: Ball
1-2: Foul Ball, location: 2F
1-2: Strikes out looking
Bottom of the 6th over - 0 runs, 0 hits, 0 errors, 0 left on base; Monroeville 8 - Athletic Club KC 3
TOP OF THE 7TH
Monroeville Yinzers batting - Pitching for Athletic Club KC U-24 : RHP Rodney Johnson
Batting: RHB Ryan Blonke 0-0: Called Strike
0-1: Swinging Strike
0-2: Ball
1-2: Ball
2-2: Ground out 6-3 (Groundball, 6, EV 83.8 MPH)
Batting: RHB Adam Cunningham 0-0: Called Strike
0-1: Ball
1-1: Swinging Strike
1-2: Ball
2-2: Ball
3-2: DOUBLE (Groundball, 5L, EV 103.1 MPH)
Pitching: RHP Bryan Werner
Batting: RHB Félix Pacheco 0-0: Called Strike
0-1: Fly out, F9 (Flyball, 9S, EV 87.5 MPH)
Batting: SHB Chong-hun Cho 0-0: Ball
1-0: Called Strike
1-1: SINGLE (Groundball, 56D, EV 94.4 MPH)
Adam Cunningham to third
Runner from 3rd tries for Home, SAFE, throw by LF to home
Chong-hun Cho to second
Batting: RHB Brian Martin 0-0: Called Strike
0-1: Ball
Wild Pitch!
Chong-hun Cho to third
1-1: Called Strike
1-2: Foul Ball, location: 2F
1-2: DOUBLE (Groundball, 5L, EV 105.0 MPH)
Chong-hun Cho scores
Batting: RHB José Calderón 0-0: SINGLE (Line Drive, 89S, EV 95.6 MPH)
Brian Martin to third
Runner from 3rd tries for Home, SAFE, throw by RF to home
Batting: RHB Stu Roberts 0-0: Called Strike
0-1: Ball
1-1: Ball
2-1: Fly out, F9 (Flyball, 9LS, EV 82.5 MPH)
Top of the 7th over - 3 runs, 4 hits, 0 errors, 1 left on base; Monroeville 11 - Athletic Club KC 3
BOTTOM OF THE 7TH
Athletic Club KC U-24 batting - Pitching for Monroeville Yinzers : RHP Artie O'Neal
Batting: RHB Leon Burns 0-0: Ball
1-0: Swinging Strike
1-1: Ball
2-1: Foul Ball, location: 2F
2-2: Foul Ball, location: 2F
2-2: Foul Ball, location: 2F
2-2: Foul Ball, location: 2F
2-2: Strikes out swinging
Pitching: RHP Roy Brown
Batting: SHB Ross Evans 0-0: Ground out 6-3 (Groundball, 56D, EV 102.5 MPH)
Batting: RHB Morton Scott 0-0: Ball
1-0: Ball
2-0: Fly out, F9 (Flyball, 9, EV 71.9 MPH)
Bottom of the 7th over - 0 runs, 0 hits, 0 errors, 0 left on base; Monroeville 11 - Athletic Club KC 3
TOP OF THE 8TH
Monroeville Yinzers batting - Pitching for Athletic Club KC U-24 : RHP Bryan Werner
Batting: RHB Ryan McCarty 0-0: Called Strike
0-1: Foul Ball, location: 2F
0-2: Foul Ball, location: 2F
0-2: Ball
1-2: Strikes out looking
Batting: RHB Shuan-yan Bu 0-0: SINGLE (Groundball, 34D, EV 102.5 MPH)
Batting: RHB Ryan Blonke 0-0: Called Strike
0-1: Ball
1-1: Called Strike
1-2: Fly out, F1 (Line Drive, P, EV 70.6 MPH)
Batting: RHB Adam Cunningham 0-0: Called Strike
Shuan-yan Bu steals 2nd base
0-1: Ball
1-1: Foul Ball, location: 2F
1-2: Ball
2-2: Strikes out swinging
Top of the 8th over - 0 runs, 1 hit, 0 errors, 1 left on base; Monroeville 11 - Athletic Club KC 3
BOTTOM OF THE 8TH
Athletic Club KC U-24 batting - Pitching for Monroeville Yinzers : RHP Roy Brown
Batting: RHB Doug Bishop 0-0: Ball
1-0: Called Strike
1-1: Ball
2-1: Called Strike
2-2: Ball
3-2: Foul Ball, location: 2F
3-2: Strikes out swinging
Batting: RHB James Allingham 0-0: Ball
1-0: Ball
2-0: Called Strike
2-1: Foul Ball, location: 2F
2-2: Ball
3-2: Ground out 4-3 (Groundball, 4, EV 80.0 MPH)
Batting: LHB Greg Flynn 0-0: Ball
1-0: SOLO HOME RUN (Flyball, 9D, EV 96.2 MPH), Distance : 381 ft
Pinch Hitting: RHB Matt Evans 0-0: Foul Ball, location: 2F
0-1: Called Strike
0-2: Ball
1-2: Ball
2-2: Ball
3-2: Foul Ball, location: 2F
3-2: Strikes out looking
Bottom of the 8th over - 1 run, 1 hit, 0 errors, 0 left on base; Monroeville 11 - Athletic Club KC 4
TOP OF THE 9TH
Monroeville Yinzers batting - Pitching for Athletic Club KC U-24 : RHP Bryan Werner
Now at 1B: Derek Robinson
Batting: RHB Félix Pacheco 0-0: Ground out 4-3 (Groundball, 4, EV 86.9 MPH)
Batting: SHB Chong-hun Cho 0-0: Ball
1-0: Called Strike
1-1: Ball
2-1: Ball
3-1: Foul Ball, location: 2F
3-2: Base on Balls
Batting: RHB Brian Martin 0-0: Foul Ball, location: 2F
0-1: Called Strike
0-2: Ball
1-2: Strikes out swinging
Batting: RHB José Calderón 0-0: Called Strike
0-1: Called Strike
0-2: Ball
1-2: Strikes out swinging, 2-3 out at first.
Top of the 9th over - 0 runs, 0 hits, 0 errors, 1 left on base; Monroeville 11 - Athletic Club KC 4
BOTTOM OF THE 9TH
Athletic Club KC U-24 batting - Pitching for Monroeville Yinzers : RHP Roy Brown
Batting: SHB Francisco Rojas 0-0: Called Strike
0-1: Ball
1-1: Swinging Strike
1-2: Ball
2-2: Strikes out swinging
Batting: SHB Osvaldo Ardiles 0-0: Ground out U3 (Groundball, 34, EV 83.1 MPH)
Batting: RHB Leon Burns 0-0: DOUBLE (Line Drive, 78D, EV 113.8 MPH)
Batting: SHB Ross Evans 0-0: Ball
1-0: Ball
2-0: Ball
3-0: Called Strike
3-1: Fly out, F8 (Flyball, 8LXD, EV 106.9 MPH)
Bottom of the 9th over - 0 runs, 1 hit, 0 errors, 1 left on base; Monroeville 11 - Athletic Club KC 4
Tuesday, January 5th, 2021 - OOTP Baseball 20.8 Build 74